Map: Sequencer LE

Players

Lambo - Winner!

  • Race: Zerg Zerg
  • Spawn Location: 1:00

Gerald

  • Race: Protoss Protoss
  • Spawn Location: 7:00

Event: WCS Jonkoping 2017

VOD

Have the link to the VOD?

Description

Time

  • Played on: June 17, 2017, 7:22 a.m.
  • Length: 11:10

All games in this series

Show
View Real Time Build Order
Export as new Build Order

Lambo Zerg - Winner!

Build Orders: Hatch First, Muta Ling Bane 

Get SALT Encoding   

  12  0:01  Drone  
  13  0:13  Overlord  
  13  0:22  Drone  
  14  0:31  Drone x2  
  16  0:37  Drone  
  17  0:52  Hatchery  
  17  0:55  Drone  
  17  0:58  Drone  
  18  1:11  Extractor  
  18  1:13  Spawning Pool  
  18  1:17  Drone  
  17  1:20  Drone  
  18  1:29  Drone  
  19  1:40  Drone  
  20  1:50  Overlord  
  20  2:00  Queen  
  22  2:04  Queen, Zergling x4  
  26  2:11  Drone  
  26  2:12  Metabolic Boost  
  26  2:15  Drone  
  28  2:23  Drone  
  28  2:26  Drone  
  30  2:38  Hatchery  
  30  2:39  Drone  
  30  2:43  Drone  
  31  2:46  Drone  
  32  2:51  Pneumatized Carapace  
  32  2:55  Drone  
  33  2:59  Overlord  
  33  3:01  Drone  
  34  3:14  Drone x2  
  34  3:18  Overlord  
  36  3:21  Drone x4  
  36  3:22  Queen  
  42  3:28  Drone x2  
  44  3:36  Drone  
  44  3:37  Drone  
  46  3:46  Drone x3  
  49  3:52  Zergling x4  
  49  3:53  Zergling x4  
  52  3:58  Evolution Chamber  
  52  3:59  Queen  
  52  4:01  Drone  
  54  4:07  Baneling Nest, Drone  
  54  4:08  Extractor  
  54  4:09  Overlord  
  53  4:11  Roach Warren  
  53  4:14  Overlord  
  53  4:16  Overlord  
  53  4:25  Lair  
  53  4:29  Extractor  
  52  4:32  Drone x3  
  55  4:39  Overlord  
  55  4:41  Queen  
  57  4:47  Drone, Overlord  
  57  4:48  Drone x2  
  57  4:49  Overlord  
  60  4:53  Overlord  
  60  4:58  Roach x5  
  70  5:03  Roach  
  70  5:06  Overlord  
  72  5:13  Overlord  
  74  5:14  Roach x3  
  74  5:17  Overlord  
  74  5:20  Overlord  
  78  5:23  Overlord  
  78  5:26  Overlord  
  78  5:28  Overlord  
  78  5:30  Drone  
  78  5:32  Glial Reconstitution  
  78  5:35  Drone x2  
  81  5:40  Drone x3  
  81  5:42  Ravager x2  
  86  5:46  Zergling x2  
  86  5:47  Zergling x6  
  90  5:56  Overlord  
  90  6:00  Zergling x6  
  90  6:01  Roach x3  
  98  6:04  Overlord  
  98  6:11  Drone x5  
  103  6:18  Zergling x4  
  103  6:19  Zergling x2, Roach x2  
  108  6:28  Drone x2  
  108  6:30  Spire  
  108  6:32  Extractor x2  
  106  6:38  Drone x5  
  109  6:43  Extractor  
  109  6:45  Drone x3  
  111  6:51  Zergling x2  
  111  6:52  Zergling x2  
  112  6:59  Drone  
  112  7:00  Drone x2  
  115  7:21  Hatchery  
  113  7:22  Overlord  
  113  7:25  Drone x7  
  113  7:26  Drone  
  113  7:29  Baneling Nest  
  120  7:35  Overseer  
  120  7:39  Overlord  
  120  7:40  Overlord  
  119  7:45  Mutalisk  
  119  7:46  Mutalisk x7  
  135  7:53  Mutalisk x3  
  140  8:01  Queen  
  140  8:05  Drone x8  
  149  8:11  Infestation Pit  
  149  8:13  Zergling x4  
  149  8:14  Roach x2  
  155  8:22  Roach  
  155  8:23  Roach x2  
  155  8:25  Centrifical Hooks  
  161  8:30  Zergling x2  
  161  8:31  Zergling x2  
  161  8:32  Ravager x3  
  161  8:33  Baneling  
  161  8:34  Baneling  
  166  8:35  Hatchery, Zergling x4  
  166  8:40  Spine Crawler  
  162  8:42  Zergling x10  
  162  8:44  Baneling  
  166  8:48  Zergling x2  
  166  8:49  Zergling x8  
  169  8:56  Zergling x14  
  174  9:06  Roach x3  
  180  9:11  Overlord  
  180  9:14  Hive  
  180  9:18  Overlord  
  180  9:20  Overlord  
  180  9:26  Overlord  
  180  9:27  Mutalisk  
  180  9:28  Mutalisk x3  
  188  9:33  Overlord  
  188  9:35  Zergling x2  
  188  9:36  Zergling x12  
  191  9:49  Baneling x7  
  191  9:51  Zergling x20  
  197  9:57  Zergling x2  
  197  9:58  Zergling x2  
  171  10:00  Zergling x4  
  171  10:05  Mutalisk  
  165  10:10  Mutalisk x3  
  160  10:22  Mutalisk x2  
  160  10:23  Mutalisk x2  
  168  10:30  Zergling x4  
  168  10:35  Ultralisk Cavern  
  169  10:41  Zergling x10  
  168  10:51  Zergling x2  
  168  10:52  Zergling x4  
Show
View Real Time Build Order
Export as new Build Order

Gerald Protoss 

Build Orders: Nexus First 

Get SALT Encoding   

  12  0:03  Probe (Chrono Boost)  
  14  0:14  Probe (Chrono Boost)  
  14  0:22  Pylon  
  14  0:25  Probe (Chrono Boost)  
  15  0:40  Probe (Chrono Boost)  
  16  0:51  Probe (Chrono Boost)  
  17  1:00  Nexus  
  17  1:04  Probe (Chrono Boost)  
  18  1:15  Gateway  
  18  1:20  Probe (Chrono Boost)  
  19  1:27  Assimilator  
  19  1:31  Probe (Chrono Boost), Assimilator  
  20  1:40  Pylon  
  20  1:42  Probe (Chrono Boost)  
  21  1:53  Probe (Chrono Boost)  
  22  2:03  Cybernetics Core  
  22  2:04  Probe (Chrono Boost)  
  23  2:15  Probe (Chrono Boost)  
  24  2:21  Probe (Chrono Boost)  
  25  2:26  Probe (Chrono Boost)  
  26  2:31  Probe (Chrono Boost)  
  27  2:39  Warp Gate, Adept (Chrono Boost)  
  27  2:40  Probe  
  27  2:43  Probe  
  30  2:49  Twilight Council  
  30  2:51  Probe  
  30  2:56  Mothership Core  
  33  3:02  Probe  
  33  3:03  Adept (Chrono Boost)  
  36  3:12  Probe  
  36  3:17  Probe  
  38  3:23  Probe  
  39  3:27  Resonating Glaives (Chrono Boost)  
  39  3:29  Probe  
  39  3:31  Stalker (Chrono Boost)  
  39  3:33  Pylon  
  42  3:34  Probe  
  43  3:41  Probe  
  43  3:46  Probe  
  45  3:50  Robotics Facility  
  45  3:53  Probe  
  46  3:58  Probe  
  45  4:08  Probe  
  46  4:11  Gateway  
  46  4:12  Adept  
  48  4:18  Gateway  
  48  4:21  Nexus  
  48  4:23  Gateway  
  48  4:31  Gateway  
  50  4:32  Gateway  
  50  4:34  Pylon, Warp Prism (Chrono Boost)  
  50  4:47  Probe (Chrono Boost)  
  50  4:51  Assimilator  
  51  4:53  Assimilator  
  51  4:55  Probe (Chrono Boost)  
  51  4:59  Probe (Chrono Boost)  
  54  5:07  Probe (Chrono Boost)  
  54  5:11  Warp Prism  
  53  5:14  Probe (Chrono Boost)  
  53  5:19  Probe (Chrono Boost)  
  56  5:24  Probe (Chrono Boost)  
  57  5:35  Adept x4  
  65  5:36  Probe (Chrono Boost)  
  65  5:38  Pylon  
  65  5:42  Probe (Chrono Boost)  
  67  5:43  Pylon  
  67  5:44  Gateway  
  67  5:45  Gateway  
  67  5:46  Probe (Chrono Boost)  
  67  5:47  Gateway  
  68  6:00  Immortal  
  68  6:05  Probe (Chrono Boost)  
  68  6:08  Probe (Chrono Boost)  
  68  6:09  Adept x5  
  68  6:11  Probe (Chrono Boost)  
  85  6:21  Probe (Chrono Boost)  
  85  6:24  Probe (Chrono Boost)  
  85  6:25  Probe (Chrono Boost)  
  80  6:31  Adept x2  
  80  6:32  Probe (Chrono Boost), Adept x3  
  89  6:35  Probe (Chrono Boost)  
  89  6:36  Probe (Chrono Boost)  
  89  6:38  Immortal  
  83  6:42  Probe (Chrono Boost)  
  83  6:45  Templar Archives  
  83  6:46  Probe (Chrono Boost)  
  88  6:48  Probe (Chrono Boost)  
  88  6:55  Probe (Chrono Boost)  
  88  6:56  Charge  
  88  6:57  Probe (Chrono Boost)  
  88  6:59  Assimilator  
  88  7:04  Pylon  
  88  7:05  Pylon  
  88  7:08  Robotics Facility  
  88  7:12  Psionic Storm  
  88  7:20  Immortal  
  78  7:25  High Templar x3  
  78  7:26  High Templar  
  90  7:37  Pylon  
  90  7:39  Zealot x5  
  90  7:41  Pylon  
  100  7:48  Pylon  
  100  7:49  Nexus  
  100  7:54  Probe  
  101  8:00  High Templar x3  
  101  8:01  Zealot x4  
  101  8:04  Archon  
  115  8:05  Immortal (Chrono Boost)  
  115  8:08  Warp Prism (Chrono Boost)  
  115  8:12  Probe  
  122  8:15  Forge  
  122  8:25  Pylon, High Templar x2  
  122  8:26  Zealot x3  
  132  8:29  Archon  
  132  8:31  Pylon  
  132  8:43  Probe  
  132  8:44  Immortal (Chrono Boost)  
  132  8:46  Zealot x2  
  137  8:49  Stalker x3  
  137  8:53  Stalker  
  128  9:03  Stalker x2  
  128  9:09  Stalker x2  
  124  9:18  Zealot x2  
  124  9:22  Stalker x2  
  117  9:37  Probe  
  116  9:38  Probe x2  
  116  9:44  Probe  
  115  9:47  Stalker x3  
  100  10:04  Zealot x3  
  86  10:10  Probe  
  86  10:13  Probe  
  65  10:16  Probe  
  65  10:18  Probe  
  61  10:22  Probe  
  61  10:23  Stalker  
  61  10:25  Probe  
  61  10:28  Probe  
  61  10:30  Probe  
  61  10:35  Stalker  
  58  10:43  Probe  
  55  10:55  Probe  
  55  10:56  Probe  
  50  10:57  Probe x2  
Tags
 
Add a new tag
Caveats
  • Supply blocks, unpowered buildings, or Contaminate may cause inaccurate times.
  • Supply counts are checked every 10 seconds.